Map: Kairos Junction LE

Players

HeroMarine - Winner!

  • Race: Terran Terran
  • Spawn Location: 11:00

Gerald

  • Race: Protoss Protoss
  • Spawn Location: 5:00

Event: 2019 WCS Spring

VOD

Have the link to the VOD?

Description

Time

  • Played on: May 18, 2019, 8:06 a.m.
  • Length: 7:02

All games in this series

Show
View Real Time Build Order
Export as new Build Order

HeroMarine Terran - Winner!

Build Orders: Reaper Expand 

Get SALT Encoding   

  12  0:00  SCV  
  13  0:12  SCV  
  14  0:18  Supply Depot  
  14  0:24  SCV  
  15  0:40  SCV  
  15  0:41  Barracks  
  16  0:45  Refinery  
  16  0:52  SCV  
  17  1:04  SCV  
  18  1:16  SCV  
  19  1:29  Reaper, Orbital Command  
  20  1:48  Command Center  
  20  1:55  SCV  
  21  2:02  Supply Depot  
  21  2:03  Barracks Tech Lab  
  21  2:07  SCV  
  22  2:15  Barracks  
  22  2:19  SCV  
  23  2:24  Marauder  
  23  2:25  Concussive Shells  
  25  2:31  SCV  
  26  2:40  Supply Depot  
  26  2:43  SCV  
  27  2:45  Marauder  
  29  2:55  SCV  
  30  3:05  Orbital Command, Barracks Reactor  
  28  3:07  Refinery  
  28  3:08  SCV, Marauder  
  31  3:20  SCV  
  30  3:29  Marauder  
  30  3:30  Orbital Command  
  30  3:32  SCV, Stimpack  
  33  3:43  Marine x2  
  33  3:44  SCV  
  33  3:45  Supply Depot, Barracks  
  36  3:51  Marauder  
  38  3:56  SCV  
  38  3:58  SCV  
  38  4:01  Engineering Bay  
  40  4:03  Factory  
  40  4:08  SCV  
  40  4:09  Marine x2  
  43  4:10  SCV  
  43  4:12  Marine  
  45  4:20  SCV  
  45  4:22  SCV  
  47  4:27  Marine  
  47  4:28  Marine  
  47  4:29  Marine  
  47  4:30  Terran Infantry Weapons Level 1  
  50  4:33  SCV, Barracks Tech Lab  
  50  4:34  SCV  
  52  4:41  Supply Depot  
  52  4:44  Marine  
  52  4:45  SCV  
  54  4:46  SCV, Marine  
  54  4:47  Marine  
  54  4:48  Starport, Factory Reactor  
  54  4:51  Marine  
  58  4:52  Refinery  
  58  4:57  SCV  
  58  4:58  SCV  
  58  4:59  Supply Depot  
  60  5:05  Missile Turret  
  60  5:09  SCV, Marine  
  60  5:10  SCV, Marine x3  
  66  5:14  Supply Depot  
  66  5:21  SCV, Combat Shield  
  66  5:23  SCV  
  68  5:32  Supply Depot, Marine x2  
  68  5:33  SCV  
  68  5:34  Medivac x2  
  68  5:35  SCV  
  76  5:39  Refinery  
  76  5:40  Marauder  
  78  5:44  Marauder  
  80  5:50  Marine x2  
  80  5:54  Supply Depot  
  82  5:57  Supply Depot  
  82  6:06  Marauder x2  
  82  6:08  Marine x2  
  87  6:18  Command Center  
  87  6:26  Medivac  
  87  6:27  Marauder x2, Medivac  
  87  6:30  Marine x2  
  95  7:01  Factory Reactor  
Show
View Real Time Build Order
Export as new Build Order

Gerald Protoss 

Build Orders:  

Get SALT Encoding   

  12  0:00  Probe  
  13  0:12  Probe  
  14  0:17  Pylon  
  14  0:23  Probe  
  15  0:31  Probe  
  15  0:39  Probe, Gateway  
  16  0:47  Assimilator  
  17  0:51  Probe  
  18  0:58  Pylon  
  18  1:04  Probe  
  19  1:16  Probe  
  19  1:17  Gateway  
  20  1:27  Cybernetics Core  
  20  1:28  Probe  
  21  1:57  Adept  
  21  1:59  Probe  
  22  2:01  Assimilator  
  22  2:03  Nexus, Adept  
  23  2:13  Warp Gate  
  25  2:20  Pylon  
  25  2:29  Adept  
  27  2:34  Probe  
  28  2:41  Stalker  
  30  2:47  Probe  
  30  2:59  Probe  
  31  3:11  Probe  
  30  3:21  Probe  
  30  3:24  Robotics Facility  
  27  3:34  Probe  
  27  3:39  Probe  
  29  3:46  Probe  
  32  3:51  Probe  
  31  3:58  Probe  
  31  4:00  Gateway  
  31  4:01  Stalker  
  31  4:02  Stalker  
  36  4:03  Probe  
  36  4:07  Pylon  
  37  4:12  Observer  
  37  4:14  Probe  
  39  4:17  Robotics Bay  
  39  4:20  Probe  
  40  4:26  Probe, Shield Battery  
  41  4:32  Probe  
  41  4:33  Observer  
  43  4:38  Probe  
  43  4:40  Gateway  
  43  4:44  Probe  
  45  4:50  Pylon  
  45  4:51  Probe  
  46  4:54  Disruptor  
  46  4:56  Probe  
  46  4:58  Observer  
  47  5:00  Assimilator  
  47  5:01  Forge  
  47  5:02  Assimilator  
  47  5:03  Probe, Gravitic Drive  
  51  5:08  Observer  
  51  5:16  Probe  
  51  5:17  Probe  
  51  5:21  Warp Prism  
  53  5:24  Twilight Council  
  53  5:28  Probe  
  54  5:29  Probe  
  57  5:40  Stalker x2  
  61  5:44  Pylon  
  61  5:48  Probe  
  62  5:59  Disruptor  
  62  6:00  Nexus  
  65  6:14  Probe  
  65  6:17  Probe  
  67  6:22  Stalker  
  69  6:26  Probe, Pylon  
  69  6:31  Pylon  
  70  6:46  Zealot x2  
  70  6:47  Zealot  
Tags
 
Add a new tag
Caveats
  • Supply blocks, unpowered buildings, or Contaminate may cause inaccurate times.
  • Supply counts are checked every 10 seconds.